 Dungeon Crawl Stone Soup version 0.19-a0-1185-gacb3972 (webtiles) character file.

179474 HaroldButt the Bewitcher (level 17, -12/93 HPs)
             Began as a Spriggan Enchanter on Aug 17, 2016.
             Was the Champion of Dithmenos.
             Mangled by a spriggan rider
             ... wielding a +2 spear of venom
              (24 damage)
             ... on level 4 of the Swamp on Aug 18, 2016.
             The game lasted 03:29:16 (39542 turns).

HaroldButt the Bewitcher (Spriggan Enchanter)      Turns: 39542, Time: 03:29:17

Health: -12/93     AC:  9    Str:  4    XL:     17   Next: 61%
Magic:  24/36      EV: 28    Int: 23    God:    Dithmenos [******]
Gold:   2421       SH:  2    Dex: 17    Spells: 6 memorised, 21 levels left

rFire  . . .     SeeInvis +     a - +2 dagger (venom)
rCold  + . .     Gourm    .     n - +2 robe {MR+}
rNeg   . . .     Faith    .     (shield restricted)
rPois  .         Spirit   .     J - +2 hat
rElec  .         Dismiss  .     k - +2 cloak
rCorr  .         Reflect  +     (gloves unavailable)
MR     ++++.     Harm     .     (boots unavailable)
Stlth  ++++++....               l - +2 amulet of reflection
                                j - ring of protection from cold
                                f - ring of protection from magic

@: lethally poisoned (-12 -> -57), about to teleport, wreathed by umbra, deflect
missiles, very quick
A: unfitting armour, antennae 1, see invisible, herbivore 3, speed 3, robust 1,
slow metabolism 2
a: Shadow Step, Shadow Form, Renounce Religion


You were on level 4 of the Swamp.
You worshipped Dithmenos.
Dithmenos was exalted by your worship.
You were not hungry.

You visited 5 branches of the dungeon, and saw 30 of its levels.
You also visited: Sewer and Ice Cave.

You collected 3229 gold pieces.
You spent 808 gold pieces at shops.


Innate Abilities, Weirdness & Mutations

You are tiny and cannot use many weapons and most armour.
You have supernaturally acute eyesight. (SInv)
You are a herbivore.
You cover ground extremely quickly.
You need consume almost no food.
You have a pair of small antennae on your head.
You are robust. (+10% HP)


   Skills:
 - Level 8.1 Fighting
 - Level 8.0 Short Blades
 - Level 12.0 Dodging
 - Level 14.0 Stealth
 - Level 14.0 Spellcasting
 - Level 19.0 Hexes
 - Level 16.0 Charms
 + Level 11.0 Air Magic
 - Level 10.0 Invocations


You had 21 spell levels left.
You knew the following spells:

 Your Spells              Type           Power        Failure   Level  Hunger
c - Dazzling Spray        Conj/Hex       ######       1%          3    None
d - Deflect Missiles      Chrm/Air       ######....   1%          6    #####..
h - Haste                 Chrm           ######..     1%          6    #####..
x - Confuse               Hex            #######.     0%          3    None
y - Tukima's Dance        Hex            #######.     0%          3    None
z - Ensorcelled Hibernat  Hex/Ice        ######       1%          2    None

Inventory:

Hand Weapons
 a - a +2 dagger of venom (weapon)
 b - the +10 short sword "Muxihig" {elec, MR+} Occasionally, upon striking a foe, it will discharge some electrical energy and cause terrible harm. It affects your resistance to hostile enchantments.
Missiles
 t - 5 throwing nets {=f}
Armour
 k - a +2 cloak (worn)
 n - a +2 robe of magic resistance (worn)
 J - a +2 hat (worn)
 N - a mottled dragon hide
 Z - a cursed +0 buckler
Magical Staves
 E - an uncursed staff of death
Jewellery
 f - a ring of protection from magic (left hand)
 g - an uncursed amulet of rage
 h - an uncursed ring of wizardry
 j - a ring of protection from cold (right hand)
 l - a +2 amulet of reflection (around neck)
 D - an uncursed ring of flight
Wands
 w - a wand of digging (13/24)
 y - a wand of lightning (6/15)
 I - a wand of polymorph (6/24)
 U - a wand of disintegration (13/24)
 V - a wand of acid (6/15)
 X - a wand of iceblast (8/15)
 Y - a wand of paralysis (3/24)
Scrolls
 i - 11 scrolls of teleportation {@r4}
 p - a scroll of fog
 q - 6 scrolls of magic mapping
 r - 3 scrolls of blinking
 u - 7 scrolls of amnesia
 O - 2 scrolls of remove curse
 P - a scroll of vulnerability {!r}
 Q - a scroll of enchant weapon
 S - 3 scrolls of recharging
Potions
 e - 15 potions of curing {@q1}
 m - a potion of might
 o - 6 potions of invisibility
 s - a potion of berserk rage {!q}
 v - 2 potions of cure mutation
 x - 2 potions of magic
 A - a potion of ambrosia
 F - 3 potions of haste {@q3}
 G - 4 potions of flight
 H - 4 potions of agility
 K - 3 potions of brilliance
 M - a potion of cancellation
 R - a potion of resistance
Books
 c - a book of Maledictions

   Spells                             Type                      Level
   a - Corona                         Hexes                        1
   b - Ensorcelled Hibernation        Hexes/Ice                    2
   c - Confuse                        Hexes                        3
   d - Tukima's Dance                 Hexes                        3
   e - Dazzling Spray                 Conjuration/Hexes            3
 z - a book of the Sky

   Spells                             Type                      Level
   a - Summon Lightning Spire         Summoning/Air                4
   b - Airstrike                      Air                          4
   c - Silence                        Hexes/Air                    5
   d - Deflect Missiles               Charms/Air                   6
   e - Conjure Ball Lightning         Conjuration/Air              6
   f - Tornado                        Air                          9
 C - a book of Summonings

   Spells                             Type                      Level
   a - Recall                         Summoning/Translocation      3
   b - Aura of Abjuration             Summoning                    5
   c - Summon Demon                   Summoning                    5
   d - Summon Forest                  Summoning/Translocation      5
   e - Summon Mana Viper              Hexes/Summoning              5
   f - Shadow Creatures               Summoning                    6
 L - a book of Clouds

   Spells                             Type                      Level
   a - Mephitic Cloud                 Conjuration/Poison/Air       3
   b - Conjure Flame                  Conjuration/Fire             3
   c - Poisonous Cloud                Conjuration/Poison/Air       6
   d - Freezing Cloud                 Conjuration/Ice/Air          6
   e - Ring of Flames                 Charms/Fire                  7
 W - a book of Enchantments

   Spells                             Type                      Level
   a - Cause Fear                     Hexes                        4
   b - Yara's Violent Unravelling     Hexes/Transmutation          5
   c - Silence                        Hexes/Air                    5
   d - Deflect Missiles               Charms/Air                   6
   e - Haste                          Charms                       6
   f - Discord                        Hexes                        8
Comestibles
 d - 11 bread rations
 B - 10 royal jellies

Dungeon Overview and Level Annotations

Branches:
Dungeon (15/15)            Temple (0/1) D:6            Lair (6/6) D:11
  Swamp (4/4) Lair:2        Snake (3/4) Lair:2        Slime (0/5) Lair:6
    Orc (2/2) D:11            Elf (0/3) Orc:2        Vaults (0/5) D:14
 Depths (0/5) D:15

Altars:
Cheibriados
Dithmenos
Hepliaklqana
Kikubaaqudgha
Makhleb
Nemelex Xobeh
Okawaru
Qazlal
Zin
Beogh

Shops:
D:8 (   D:15 [ Orc:2

!%(* ♣♣♣≈≈≈♣
♣.≈≈≈≈≈♣ ♣♣≈....♣
♣.≈≈≈...
♣≈.≈...♣♣♣♣.≈≈♣♣≈
♣.≈≈≈≈≈.≈♣♣..♣♣♣♣
♣≈≈≈≈≈≈.♣♣♣≈♣♣ ≈♣
♣♣≈.....♣♣♣..♣≈≈≈♣
♣≈.≈≈≈.......≈≈≈≈≈
♣.≈≈≈≈≈.≈≈≈..♣≈≈≈≈
♣i≈≈≈##≈≈≈.♣♣♣♣≈≈≈
♣♣.i##≈≈≈≈.♣♣♣ ♣≈♣
♣♣i##≈≈≈#..≈♣ .♣
♣♣##≈≈≈≈...♣...≈
♣i#≈≈i.......≈
♣......≈≈≈.≈≈≈
♣♣≈≈♣..≈≈≈≈≈≈≈
♣.≈≈♣♣...≈≈≈≈≈
♣.≈.♣♣♣≈.≈≈≈≈♣


You could see 2 spriggan riders.


Message History

Aiming: Confuse
Press: ? - help, Shift-Dir - straight line, f/p - spriggan rider
Aim: a spriggan rider, wielding a spear and wearing a buckler (umbra, chance to defeat MR: 19%)
The spriggan rider resists with almost no effort.
Your shadow mimicks your spell!
The spriggan rider resists with almost no effort.
You feel sick.
The spriggan rider completely misses you.
The spriggan rider hits you from afar with a spear of venom!!
* * * LOW HITPOINT WARNING * * *
You emit a cloud of dark smoke.
You are lethally poisoned!
* * * LOW HITPOINT WARNING * * *
You feel very sick.
The spriggan rider hits you from afar with a spear!
* * * LOW HITPOINT WARNING * * *
* * * LOW HITPOINT WARNING * * *
You feel very sick.
As you read the scroll of teleportation {@r4}, it crumbles to dust.
You feel strangely unstable.
* * * LOW HITPOINT WARNING * * *
You feel very sick. You block the spriggan rider's attack.
The spriggan rider hits you from afar with a spear.
* * * LOW HITPOINT WARNING * * *
You enter the shallow water.
* * * LOW HITPOINT WARNING * * *
You feel very sick.
The spriggan rider hits you from afar with a spear of venom!!
You die...

Action                   |  1- 3 |  4- 6 |  7- 9 | 10-12 | 13-15 | 16-18 || total
-------------------------+-------+-------+-------+-------+-------+-------++-------
Melee: Dagger            |   243 |   156 |   390 |   176 |   489 |   238 ||  1692
       Rapier            |       |       |    31 |    41 |       |       ||    72
       Short sword       |       |       |       |   209 |   473 |   259 ||   941
 Cast: Ensorcelled Hiber |    12 |    41 |   119 |   148 |   382 |   285 ||   987
       Confuse           |     1 |     8 |    10 |     8 |    82 |    51 ||   160
       Dazzling Spray    |       |       |       |       |     1 |    18 ||    19
       Deflect Missiles  |       |       |       |       |       |     7 ||     7
       Haste             |       |       |       |       |       |     1 ||     1
Invok: Shadow Step       |       |       |       |     2 |    19 |     5 ||    26
Evoke: Wand              |       |       |       |       |     3 |       ||     3
  Use: Scroll            |     1 |     4 |    14 |     9 |    15 |     5 ||    48
       Potion            |       |       |       |     1 |     3 |     5 ||     9
 Stab: Sleeping          |    16 |    34 |   105 |   138 |   322 |   176 ||   791
       Confused          |     2 |     4 |     9 |     5 |    45 |    35 ||   100
       Distracted        |       |       |     2 |     2 |     5 |     2 ||    11
       Petrifying        |       |       |       |       |     2 |       ||     2
  Eat: Pizza             |       |     1 |       |       |     4 |       ||     5
       Fruit             |       |     2 |     1 |     6 |     8 |       ||    17
       Bread ration      |       |     1 |       |       |       |     2 ||     3
Armor: Robe              |    47 |    17 |    52 |    17 |    33 |    19 ||   185
       Ice dragon armour |       |       |       |       |     4 |       ||     4
Dodge: Dodged            |   196 |    94 |   416 |   281 |   653 |   448 ||  2088
       Deflected         |       |       |       |       |       |    53 ||    53
Block: Other             |       |       |       |       |       |    21 ||    21

Vault maps used:
D:1:      dpeg_arrival_water_fire, minivault_11
D:2:      first_bread
D:3:      zin_purify, serial_bayou_pond_c, nicolae_qazlal_general_emergency
D:4:      lemuel_round_altar, lemuel_doored_altar, nemelex_altar_shiori,
          uniq_natasha
D:5:      okawaru_altar_gauntlet_db, minmay_curled_crystal
D:6:      portal_sewer_entry_d, minmay_mini_ossuary
D:7:      minivault_25, uniq_prince_ribbit1, uniq_duvessa, uniq_pikel
D:8:      overflow_temple_1_default, nicolae_overflow_crystal_walls,
          serial_shops, nicolae_shop_stone, david_nohive_1
D:9:      minmay_ruffians
D:11:     lair_0_dummy, kennysheep_orc_monster_closet_entryway
D:13:     basic_altar, uniq_erolcha
D:14:     erik_vaults_2, minmay_staircase_bubble
D:15:     hangedman_depths_entry_civil_slaughter, serial_shops,
          nicolae_shop_stone, serial_bayou_lagoon_a, uniq_rupert
Lair:2:   minmay_swamp_entry_worms, guppyfry_snake_entry_garden,
          bh_autumn_forest_stairs
Lair:3:   st_stairs_4, uniq_harold
Lair:4:   st_stairs_6, zaba_anthell, uniq_josephine
Lair:5:   beast_lair_carwin_4
Lair:6:   evilmike_catoblepas_cave, dpeg_slime_entry_corner, lemuel_fruit_fields
Swamp:1:  evilmike_swamp_ruin_rubble_1, infiniplex_staircase_pool_2
Swamp:2:  evilmike_swamp_ruin_rubble_2, swamp_pool3, infiniplex_staircase_pool
Swamp:3:  evilmike_swamp_ruin_house_1, swamp_pool1
Swamp:4:  swamp_alternative, swamp_pool4
Snake:1:  minmay_snake_pond, uniq_donald
Snake:2:  special_room, uniq_vashnia
Snake:3:  spider_trap, nicolae_snake_double_loop, hangedman_venom_bottle
Orc:1:    portal_ice_cave_entry_pillars_2
Orc:2:    st_orc_mages, basic_altar
Sewer:    sewer_frog_island_02
IceCv:    ice_cave_caverns_02

Notes
Turn   | Place    | Note
-------+----------+-------------------------------------------
     0 | D:1      | HaroldButt the Spriggan Enchanter began the quest for the Orb.
     0 | D:1      | Reached XP level 1. HP: 9/9 MP: 5/5
   261 | D:1      | Reached skill level 5 in Stealth
   633 | D:2      | Reached XP level 2. HP: 1/13 MP: 6/6
  1074 | D:1      | Learned a level 2 spell: Ensorcelled Hibernation
  1152 | D:1      | Reached skill level 6 in Stealth
  1426 | D:2      | Reached XP level 3. HP: 13/16 MP: 8/8
  1433 | D:2      | Learned a level 3 spell: Confuse
  1770 | D:2      | Reached skill level 7 in Stealth
  2234 | D:3      | Reached XP level 4. HP: 13/21 MP: 9/9
  2301 | D:3      | Found a stormy altar of Qazlal.
  2308 | D:3      | Found Zin's Purification Station.
  2311 | D:3      | Found a glowing silver altar of Zin.
  2315 | D:3      | Bought a potion of curing for 90 gold pieces
  2603 | D:4      | Noticed a phantom
  2998 | D:4      | Reached skill level 8 in Stealth
  3014 | D:4      | Found a sparkling altar of Nemelex Xobeh.
  3249 | D:4      | Killed a phantom
  3249 | D:4      | Reached skill level 9 in Stealth
  3249 | D:4      | Reached XP level 5. HP: 16/24 MP: 2/10
  3271 | D:4      | Noticed Natasha
  3278 | D:4      | Killed Natasha
  3278 | D:4      | Reached skill level 10 in Stealth
  3367 | D:4      | Noticed Natasha
  3733 | D:3      | Reached skill level 4 in Hexes
  3733 | D:3      | Reached XP level 6. HP: 13/28 MP: 5/11
  4145 | D:4      | Killed Natasha
  4394 | D:4      | Reached skill level 5 in Hexes
  4423 | D:4      | Found a hazy altar of Hepliaklqana.
  4740 | D:4      | Upgraded the game from 0.19-a0-1170-g18f0c96 to 0.19-a0-1185-gacb3972
  4771 | D:4      | Found a shadowy altar of Dithmenos.
  4820 | D:4      | Became a worshipper of Dithmenos the Shadowed
  4912 | D:4      | Noticed Natasha
  4937 | D:5      | Entered Level 5 of the Dungeon
  4944 | D:5      | Reached skill level 6 in Hexes
  4972 | D:5      | HP: 2/28 [orc (3)]
  5028 | D:5      | Reached skill level 3 in Spellcasting
  5028 | D:5      | Reached XP level 7. HP: 6/32 MP: 5/12
  5053 | D:5      | Reached skill level 4 in Spellcasting
  5287 | D:5      | HP: 3/32 [jackal (2)]
  5296 | D:5      | Reached * piety under Dithmenos
  5553 | D:5      | Found an iron altar of Okawaru.
  5580 | D:5      | Reached skill level 5 in Spellcasting
  5727 | D:4      | Killed Natasha
  5965 | D:6      | Found a staircase to the Ecumenical Temple.
  6072 | D:6      | Found a glowing drain.
  6083 | Sewer    | Entered a sewer
  6096 | Sewer    | Reached skill level 6 in Spellcasting
  6253 | Sewer    | Reached ** piety under Dithmenos
  6792 | Sewer    | Reached skill level 7 in Spellcasting
  6874 | Sewer    | Reached XP level 8. HP: 34/36 MP: 6/20
  7351 | D:6      | Reached *** piety under Dithmenos
  7351 | D:6      | Reached skill level 8 in Spellcasting
  7624 | D:7      | Noticed Prince Ribbit
  7626 | D:7      | Reached skill level 11 in Stealth
  7632 | D:7      | Killed Prince Ribbit
  7632 | D:7      | Reached skill level 12 in Stealth
  7666 | D:7      | Reached skill level 7 in Hexes
  7900 | D:7      | Reached skill level 8 in Hexes
  7909 | D:7      | Reached XP level 9. HP: 39/39 MP: 10/22
  7954 | D:7      | Noticed Dowan
  7961 | D:7      | Noticed Duvessa
  7971 | D:7      | Killed Dowan
  8022 | D:7      | Killed Duvessa
  8062 | D:7      | Reached skill level 9 in Hexes
  8272 | D:7      | Noticed Pikel
  8288 | D:7      | Killed Pikel
  8288 | D:7      | Reached skill level 10 in Hexes
  8637 | D:8      | Reached **** piety under Dithmenos
  8659 | D:8      | Reached skill level 2 in Short Blades
  8688 | D:8      | Reached skill level 3 in Short Blades
  8696 | D:8      | Reached skill level 4 in Short Blades
  8722 | D:8      | Found an ancient bone altar of Kikubaaqudgha.
  8734 | D:8      | Found a snail-covered altar of Cheibriados.
  8775 | D:8      | Reached skill level 5 in Short Blades
  8776 | D:8      | Noticed a hill giant
  8797 | D:8      | Found Naamom's Weapon Shoppe.
  8799 | D:8      | Killed a hill giant
  8799 | D:8      | Reached skill level 6 in Short Blades
  8853 | D:8      | Noticed a queen bee
  8860 | D:8      | Reached XP level 10. HP: 44/44 MP: 19/23
  8866 | D:8      | Reached skill level 7 in Short Blades
  8916 | D:7      | HP: 4/44 [poisoned by a killer bee]
  8923 | D:7      | HP: 3/44 [poisoned by a killer bee]
  9297 | D:7      | HP: 2/44 [orc/short sword (5)]
  9637 | D:8      | Reached skill level 8 in Short Blades
  9822 | D:8      | Reached skill level 13 in Stealth
 10280 | D:9      | Reached skill level 14 in Stealth
 10287 | D:9      | Reached skill level 1 in Fighting
 10379 | D:9      | Got an ichor-stained short sword
 10555 | D:9      | Reached skill level 2 in Fighting
 10702 | D:9      | Reached skill level 3 in Fighting
 10812 | D:10     | Entered Level 10 of the Dungeon
 10854 | D:10     | Gained mutation: You have a pair of small antennae on your head. [potion of beneficial mutation]
 10877 | D:10     | Identified the +10 short sword "Muxihig" {elec, MR+} (You found it on level 9 of the Dungeon)
 10939 | D:10     | Reached ***** piety under Dithmenos
 10942 | D:10     | Reached skill level 4 in Fighting
 10983 | D:10     | Noticed a hill giant
 10988 | D:10     | Killed a hill giant
 10988 | D:10     | Reached skill level 5 in Fighting
 11085 | D:10     | Noticed a hill giant
 11097 | D:10     | Killed a hill giant
 11097 | D:10     | Reached XP level 11. HP: 12/56 MP: 19/24
 11793 | D:10     | Noticed a hill giant
 11795 | D:10     | Killed a hill giant
 11795 | D:10     | Reached skill level 6 in Fighting
 12190 | D:11     | Reached skill level 7 in Fighting
 12237 | D:11     | Noticed a hill giant
 12261 | D:11     | Killed a hill giant
 12365 | D:11     | Found a staircase to the Lair.
 12424 | D:11     | Reached skill level 8 in Fighting
 12448 | D:11     | Reached skill level 4 in Dodging
 12489 | D:11     | Reached skill level 5 in Dodging
 12727 | D:11     | Reached skill level 6 in Dodging
 12906 | D:11     | Noticed a purple ugly thing
 12908 | D:11     | Killed a purple ugly thing
 12911 | D:11     | Found a staircase to the Orcish Mines.
 12915 | D:11     | Reached skill level 7 in Dodging
 12949 | D:11     | Reached skill level 8 in Dodging
 13065 | Lair:1   | Entered Level 1 of the Lair of Beasts
 13142 | Lair:1   | Learned a level 3 spell: Dazzling Spray
 13146 | Lair:1   | Learned a level 3 spell: Tukima's Dance
 13162 | Lair:1   | Reached skill level 9 in Dodging
 13275 | Lair:1   | Reached skill level 10 in Dodging
 13333 | Lair:1   | Reached XP level 12. HP: 64/64 MP: 18/25
 13582 | Lair:1   | Reached skill level 11 in Dodging
 13670 | Lair:2   | Noticed a seven-headed hydra
 13673 | Lair:2   | Killed a seven-headed hydra
 13704 | Lair:2   | Reached skill level 12 in Dodging
 13745 | Lair:2   | Found a staircase to the Snake Pit.
 13753 | Lair:2   | Reached ****** piety under Dithmenos
 13780 | Lair:2   | Found a staircase to the Swamp.
 13785 | Lair:2   | Reached skill level 11 in Hexes
 14343 | Lair:3   | Reached skill level 12 in Hexes
 14536 | Lair:3   | Noticed Harold
 14538 | Lair:3   | Killed Harold
 14563 | Lair:3   | Reached skill level 13 in Hexes
 14798 | Lair:3   | Noticed an eight-headed hydra
 14800 | Lair:3   | Killed an eight-headed hydra
 14979 | Lair:4   | Noticed an entropy weaver
 14983 | Lair:4   | Noticed a queen ant
 14983 | Lair:4   | Noticed an entropy weaver
 14986 | Lair:4   | Killed an entropy weaver
 14986 | Lair:4   | Reached skill level 14 in Hexes
 15005 | Lair:4   | Reached skill level 1 in Invocations
 15043 | Lair:4   | Reached skill level 2 in Invocations
 15271 | Lair:4   | Killed an entropy weaver
 15271 | Lair:4   | Reached skill level 3 in Invocations
 15360 | Lair:4   | Reached XP level 13. HP: 68/68 MP: 26/26
 15410 | Lair:4   | Reached skill level 4 in Invocations
 15485 | Lair:4   | Noticed Josephine
 15516 | Lair:4   | Killed Josephine
 15516 | Lair:4   | Reached skill level 5 in Invocations
 15630 | Lair:4   | Reached skill level 6 in Invocations
 15935 | Lair:4   | Reached skill level 7 in Invocations
 16601 | Lair:5   | Reached skill level 8 in Invocations
 17082 | Lair:6   | Entered Level 6 of the Lair of Beasts
 17109 | Lair:6   | Found a staircase to the Slime Pits.
 17250 | Lair:6   | Reached skill level 9 in Invocations
 17625 | Lair:6   | Reached skill level 10 in Invocations
 17662 | Lair:6   | Reached skill level 9 in Spellcasting
 17725 | Lair:6   | Reached skill level 10 in Spellcasting
 18369 | Lair:5   | Reached XP level 14. HP: 62/73 MP: 0/29
 18533 | Lair:5   | Reached skill level 11 in Spellcasting
 18545 | Lair:6   | Learned a level 6 spell: Deflect Missiles
 19390 | Lair:6   | Reached skill level 12 in Spellcasting
 19846 | Orc:1    | Entered Level 1 of the Orcish Mines
 19872 | Orc:1    | Found a frozen archway.
 19883 | IceCv    | Entered an ice cave
 20217 | IceCv    | Identified a +2 ice dragon armour (You found it in an ice cave)
 20564 | IceCv    | Reached skill level 13 in Spellcasting
 20958 | IceCv    | Noticed a frost giant
 21131 | IceCv    | Killed a frost giant
 21131 | IceCv    | Reached skill level 14 in Spellcasting
 21185 | IceCv    | Reached skill level 1 in Charms
 21206 | IceCv    | Reached skill level 2 in Charms
 21629 | Orc:1    | Reached skill level 3 in Charms
 22018 | Orc:2    | Entered Level 2 of the Orcish Mines
 22019 | Orc:2    | Reached skill level 4 in Charms
 22042 | Orc:2    | Found a roughly hewn altar of Beogh.
 22072 | Orc:2    | Found a staircase to the Elven Halls.
 22298 | Orc:2    | Noticed an orc warlord
 22327 | Orc:2    | Reached skill level 5 in Charms
 22337 | Orc:1    | HP: 1/73 [orc warlord/bolt (37)]
 22713 | Orc:1    | Killed an orc warlord
 22713 | Orc:1    | Reached skill level 6 in Charms
 22845 | Orc:2    | Reached skill level 7 in Charms
 23290 | Orc:1    | Reached skill level 8 in Charms
 23859 | Orc:2    | Reached skill level 9 in Charms
 24562 | Orc:2    | Found Makare's Food Shop.
 24562 | Orc:2    | Found Guzo's Assorted Antiques.
 24562 | Orc:2    | Found Koorgh's Weapon Boutique.
 24569 | Orc:2    | Found Fuidima's Distillery.
 24604 | Orc:2    | Bought a glowing cloak for 126 gold pieces
 24616 | Orc:2    | Bought a potion of heal wounds for 85 gold pieces
 24616 | Orc:2    | Bought a potion of heal wounds for 85 gold pieces
 24616 | Orc:2    | Bought a potion of magic for 136 gold pieces
 24616 | Orc:2    | Bought a potion of invisibility for 136 gold pieces
 24894 | D:12     | Reached skill level 10 in Charms
 25197 | D:12     | Reached skill level 11 in Charms
 25458 | D:13     | Reached XP level 15. HP: 77/77 MP: 34/34
 25468 | D:13     | Learned a level 6 spell: Haste
 25529 | D:13     | Noticed Erolcha
 25532 | D:13     | Killed Erolcha
 25691 | D:13     | Found a burning altar of Makhleb.
 26007 | D:14     | Reached skill level 12 in Charms
 26125 | D:14     | Found a gate to the Vaults.
 26148 | D:14     | Reached skill level 13 in Charms
 26572 | D:14     | Reached skill level 14 in Charms
 26746 | D:14     | Identified a potion of resistance
 26931 | D:15     | Entered Level 15 of the Dungeon
 27132 | D:15     | Reached skill level 15 in Charms
 27572 | D:15     | Noticed Rupert
 27612 | D:15     | Killed Rupert
 27669 | D:15     | Found Jus Xioj's Antique Armour Shoppe.
 27677 | D:15     | Bought a hat for 128 gold pieces
 27677 | D:15     | Bought a glowing robe for 22 gold pieces
 27764 | D:15     | Reached skill level 16 in Charms
 27929 | D:15     | Reached skill level 1 in Air Magic
 28142 | D:15     | Reached skill level 2 in Air Magic
 28627 | D:15     | Found a staircase to the Depths.
 28908 | Snake:1  | Entered Level 1 of the Snake Pit
 28915 | Snake:1  | Reached skill level 3 in Air Magic
 29094 | Snake:1  | Reached skill level 4 in Air Magic
 29279 | Snake:1  | Reached skill level 5 in Air Magic
 29547 | Snake:1  | Noticed Donald
 29570 | Snake:1  | Killed Donald
 29641 | Snake:1  | Reached skill level 6 in Air Magic
 30089 | Snake:1  | Reached XP level 16. HP: 41/81 MP: 12/35
 30218 | Snake:1  | Reached skill level 7 in Air Magic
 30515 | Snake:2  | Reached skill level 8 in Air Magic
 31310 | Snake:2  | Reached skill level 9 in Air Magic
 31328 | Snake:2  | HP: 7/81 [naga warrior/splash of poison (9)]
 32115 | Snake:2  | Noticed Vashnia
 33217 | Snake:2  | Reached skill level 10 in Air Magic
 33225 | Snake:2  | You fall through a shaft!
 33884 | Snake:3  | Reached skill level 15 in Hexes
 34608 | Snake:2  | Killed Vashnia
 34608 | Snake:2  | Reached skill level 16 in Hexes
 36026 | Snake:3  | Reached skill level 17 in Hexes
 36087 | Snake:3  | Reached XP level 17. HP: 85/85 MP: 12/36
 36321 | Snake:3  | Gained mutation: You are robust. (+10% HP) [potion of beneficial mutation]
 37076 | Swamp:1  | Entered Level 1 of the Swamp
 37789 | Swamp:1  | Reached skill level 18 in Hexes
 38923 | Swamp:3  | Reached skill level 19 in Hexes
 39466 | Swamp:4  | Entered Level 4 of the Swamp
 39523 | Swamp:4  | Reached skill level 11 in Air Magic
 39542 | Swamp:4  | Mangled by a spriggan rider

Vanquished Creatures
  Vashnia (Snake:2)
  Rupert (D:15)
  3 thorn hunters
  Donald (Snake:1)
  A frost giant (IceCv)
  A greater naga (Snake:2)
  An orc warlord (Orc:1)
  2 entropy weavers (Lair:4)
  Josephine (Lair:4)
  8 vault guards (D:14)
  Harold (Lair:3)
  11 hydras
  10 naga warriors
  Erolcha (D:13)
  2 ghost crabs
  4 centaur warriors
  5 alligators
  4 catoblepae (Lair:6)
  A queen ant (Lair:4)
  An ogre mage (D:15)
  9 anacondas
  A death knight (D:14)
  12 death yaks
  11 naga sharpshooters
  5 shock serpents
  5 orc high priests
  A hell knight (D:15)
  A spriggan (Swamp:3)
  2 salamander mystics (Snake:3)
  A wizard (D:14)
  2 shambling mangroves (Swamp:3)
  A spriggan druid (Swamp:3)
  2 swamp dragons
  An unseen horror (D:13)
  5 naga ritualists
  Pikel (D:7)
  9 mana vipers
  An orc sorcerer (Orc:2)
  An orc knight (Orc:1)
  11 hill giants
  2 hornets
  2 deep elf magi
  2 griffons
  A manticore (D:15)
  4 cyclopes
  An ugly thing (D:11)
  4 elephants (Lair:3)
  6 salamanders
  An ice statue (IceCv)
  3 guardian serpents
  43 black mambas
  16 spiny frogs
  3 centaur skeletons
  A gargoyle (D:11)
  11 naga magi
  2 torpor snails
  A rime drake (Lair:6)
  A kobold demonologist (D:15)
  3 komodo dragons
  13 polar bears
  2 two-headed ogres
  A queen bee (D:8)
  4 trolls
  6 giant leeches
  Prince Ribbit (D:7)
  8 blink frogs
  11 slime creatures
  A hornet zombie (D:14)
  3 bog bodies
  A vampire (D:14)
  3 shadows
  5 wraiths
  7 redbacks (Snake:3)
  68 yaks
  2 wyverns
  3 hungry ghosts
  2 basilisks
  A water elemental (D:15)
  5 humans (D:9)
  9 hippogriffs
  15 vampire mosquitoes
  11 insubstantial wisps (Swamp:1)
  A swamp worm (shapeshifter) (D:15)
  8 swamp worms
  3 wargs
  2 mottled dragons (D:11)
  37 nagas
  15 soldier ants
  A soldier ant (shapeshifter) (D:15)
  29 water moccasins
  6 porcupines
  Duvessa (D:7)
  4 ice beasts
  2 sky beasts
  3 black bears (D:8)
  23 orc warriors
  3 swamp drakes
  7 wasps (Swamp:3)
  A necrophage (D:8)
  A phantom (D:4)
  14 wolves (IceCv)
  9 centaurs
  12 ogres
  6 crocodiles
  3 big kobolds
  20 giant frogs
  3 gnoll sergeants
  A scorpion (D:7)
  A wyvern skeleton (D:13)
  Dowan (D:7)
  28 killer bees
  2 electric eels
  2 wights (D:12)
  8 howler monkeys
  5 crimson imps
  A wasp zombie (D:11)
  4 centaur zombies
  A wyvern simulacrum (D:14)
  3 jellies
  30 orc wizards
  44 orc priests
  8 hounds
  3 giant frog skeletons
  Natasha (thrice) (D:4)
  4 iguanas
  37 worker ants
  6 sheep
  A killer bee zombie (D:7)
  A hound skeleton (D:4)
  A mummy (D:6)
  A worker ant zombie (D:11)
  12 gnolls
  21 adders
  9 river rats (Lair:4)
  9 oozes
  5 worms
  4 dart slugs
  15 giant geckos
  102 orcs
  10 bats
  14 giant cockroaches
  5 goblins
  6 hobgoblins
  16 jackals
  3 quokkas
  20 ball pythons
  A giant gecko skeleton (D:4)
  A giant gecko zombie (D:8)
  16 giant newts
  2 hobgoblin zombies (D:6)
  A jackal skeleton (D:5)
  12 kobolds
  A kobold zombie (D:6)
  An orc zombie (D:6)
  A quokka skeleton (D:5)
  6 rats
1134 creatures vanquished.

Vanquished Creatures (others)
  An anaconda (Snake:3)
  2 shock serpents (Snake:3)
  A yak (IceCv)
  3 wolves (IceCv)
  An orc wizard (Orc:2)
  2 orcs
  3 fungi (Lair:6)
  17 plants
30 creatures vanquished.

Grand Total: 1164 creatures vanquished
